 Dungeon Sprint DCSS version 0.17-a0-1626-g3031859 (webtiles) character file.

448 soupofsoups the Fighter (level 7, 0/68 HPs)
             Began as a Formicid Hunter on Aug 2, 2015.
             Splashed by a jelly's acid (6 damage)
             ... in the Dungeon (Sprint I: "Red Sonja").
             The game lasted 00:02:16 (707 turns).

soupofsoups the Fighter (Formicid Hunter)            Turns: 707, Time: 00:02:17

Health: 0/68       AC: -21   Str: 18    XL:     7   Next: 24%
Magic:  7/7        EV: 11    Int: 11    God:
Gold:   162        SH:  0    Dex: 11    Spells: 0 memorised, 6 levels left

rFire  . . .     SeeInvis +     c - +0 short sword
rCold  . . .     Clarity  .     m - +0 leather armour
rNeg   . . .     SustAt   .     (no shield)
rPois  .         Gourm    .     (helmet unavailable)
rElec  .         Spirit   .     (no cloak)
rCorr  .         Warding  .     (no gloves)
rMut   .         Stasis   +     (no boots)
MR     .....                    (no amulet)
Stlth  +.........               (no ring)
                                (no ring)

@: corroded equipment, not resistant to hostile enchantments, very unstealthy
A: permanent stasis, dig shafts and tunnels, four strong arms, antennae 3
a: Dig


You were in the Dungeon.
You were not hungry.

You visited 1 branch You collected 162 gold pieces.

Inventory:

Hand weapons
 a - a +1 hand crossbow
 c - a +0 short sword (weapon)
Missiles
 b - 16 bolts
Armour
 m - a +0 leather armour (worn)
Jewellery
 d - an uncursed amulet of faith {unknown}
Potions
 g - a potion of heal wounds
 i - 2 potions of magic
 l - a potion of cure mutation {unknown}
Comestibles
 e - a bread ration


   Skills:
 + Level 11.3 Fighting
 + Level 10.9 Crossbows
 - Level 1.7 Dodging
 - Level 1.2 Stealth


You had 6 spell levels left.
You didn't know any spells.

Dungeon Overview and Level Annotations

Branches:
Dungeon (1/1)

Altars:
Cheibriados
Dithmenos
Fedhas
Sif Muna
Vehumet
Jiyva


Innate Abilities, Weirdness & Mutations

You are under a permanent stasis effect.
You can dig through walls and to a lower floor.
Your four strong arms can wield two-handed weapons with a shield.
You have a pair of large antennae on your head (SInv).


Message History

The jelly is almost dead.
The jelly misses you.
You hit the jelly but do no damage.
Your hands burn!
The jelly is almost dead.
The jelly hits you.
* * * LOW HITPOINT WARNING * * *
You are splashed with acid!
The acid corrodes you!
The acid burns!
* * * LOW HITPOINT WARNING * * *
Unknown command.
You hit the jelly but do no damage.
Your hands burn!
* * * LOW HITPOINT WARNING * * *
The jelly is almost dead.
The jelly closely misses you.
You hit the jelly but do no damage.
Your hands burn!
* * * LOW HITPOINT WARNING * * *
The jelly is almost dead.
The jelly hits you.
* * * LOW HITPOINT WARNING * * *
You are splashed with acid!
The acid corrodes you!
The acid burns!
You die...

###################
#<.#?.)..#..'..#__#
#..'..#..'..#..'..+
#..#####'#####'#__#
#..# #..# #@####
#..# #### #J# {
#..# ..+ #⌠⌠# {
.._# { #### _.#+#
##+


You could see a jelly.

Vanquished Creatures
  A slime creature (D)
  An ogre (D)
  Ijyb (D)
3 creatures vanquished.

Vanquished Creatures (others)
  Sigmund (D)
1 creature vanquished.

Grand Total: 4 creatures vanquished

Notes
Turn   | Place    | Note
--------------------------------------------------------------
     0 | D        | soupofsoups the Formicid Hunter began the quest for the Orb.
     0 | D        | Reached XP level 1. HP: 16/16 MP: 1/1
     3 | D        | Noticed Ijyb
    12 | D        | Killed Ijyb
    12 | D        | Reached skill level 5 in Fighting
    12 | D        | Reached skill level 5 in Crossbows
    12 | D        | Reached XP level 2. HP: 15/27 MP: 2/2
    12 | D        | Reached XP level 3. HP: 18/33 MP: 3/3
   149 | D        | Noticed an ogre
   156 | D        | Killed an ogre
   156 | D        | Reached skill level 7 in Fighting
   156 | D        | Reached XP level 4. HP: 20/43 MP: 4/4
   156 | D        | Reached XP level 5. HP: 22/48 MP: 5/5
   323 | D        | Noticed Sigmund
   346 | D        | Killed Sigmund
   346 | D        | Reached skill level 9 in Fighting
   346 | D        | Reached XP level 6. HP: 32/60 MP: 6/6
   497 | D        | Found a snail-covered altar of Cheibriados.
   497 | D        | Found a viscous altar of Jiyva.
   497 | D        | Found a shadowy altar of Dithmenos.
   497 | D        | Found a blossoming altar of Fedhas.
   497 | D        | Noticed a slime creature
   504 | D        | Killed a slime creature
   504 | D        | Reached skill level 11 in Fighting
   504 | D        | Reached skill level 10 in Crossbows
   504 | D        | Reached XP level 7. HP: 27/68 MP: 7/7
   697 | D        | Found a deep blue altar of Sif Muna.
   698 | D        | Noticed a jelly
   699 | D        | Found a radiant altar of Vehumet.
   707 | D        | Splashed by a jelly's acid

Vault maps used:
D:        dungeon_sprint_1

Action                   |  1- 3 |  4- 6 |  7- 9 || total
-------------------------+-------+-------+-------++-------
Melee: Short sword       |       |       |     7 ||     7
 Fire: Hand crossbow     |    16 |    23 |       ||    39
  Use: Potion            |       |     1 |       ||     1
